 Dungeon Crawl Stone Soup version 0.30-a0-570-g486de37d69 (webtiles) character file.

Game seed: 8104866718057220847

100 kae the Insei (level 4, -2/32 HPs)
             Began as a Demonspawn Transmuter on Dec 29, 2022.
             Slain by a gnoll
             ... wielding a +0 spear
              (8 damage)
             ... on level 2 of the Dungeon.
             The game lasted 00:01:58 (1293 turns).

kae the Insei (Demonspawn Transmuter)               Turns: 1293, Time: 00:01:59

Health: -2/32      AC:  2    Str: 10    XL:     4   Next: 46%
Magic:  5/7        EV: 19    Int: 16    God:
Gold:   18         SH:  0    Dex: 19    Spells: 2/8 levels left

rFire   . . .      SeeInvis .      - Unarmed
rCold   . . .      Faith    .    (shield currently unavailable)
rNeg    . . .      Spirit   .    (body armour currently unavailable)
rPois   x          Reflect  .    (helmet currently unavailable)
rElec   .          Harm     .    (cloak currently unavailable)
rCorr   .          Rampage  .    (gloves currently unavailable)
Will    .....                    (boots currently unavailable)
Stlth   ++                       (no amulet)
HPRegen 0.25/turn                (no ring)
MPRegen 0.10/turn                (no ring)

@: spider-form (expiring)
A: venomous fangs, tiny, (claws 1), (large bone plates 1), ignite blood 1
a: End Transformation


You were on level 2 of the Dungeon.
You were a venomous arachnid creature.
You visited 1 branch of the dungeon, and saw 2 of its levels.

You collected 18 gold pieces.


Innate Abilities, Weirdness & Mutations

You are a venomous arachnid creature.
You have poisonous fangs.
You are tiny and dextrous.
Your spellcasting is less reliable in this form.
Your armour is entirely melded.
You are incapable of wielding weapons or throwing items.
((You have sharp fingernails.))
((You are partially covered in large bone plates. (SH +4)))
Your demonic aura sometimes causes spilled blood to erupt in flames.


   Skills:
 - Level 1.0 Fighting
 - Level 1.7 Dodging
 + Level 3.2 Unarmed Combat
 + Level 2.6 Spellcasting
 * Level 3.1 Transmutations
 - Level 1.5 Poison Magic


You had 2 spell levels left.
You knew the following spells:

 Your Spells              Type           Power      Damage    Failure   Level
a - Beastly Appendage     Tmut           24%        N/A       16%         1
b - Wereblood             Tmut           12%        N/A       22%         2
c - Spider Form           Tmut/Pois      9%         N/A       43%         3

Your spell library contained the following spells:

 Spells                   Type           Power      Damage    Failure   Level
 Magic Dart               Conj           8%         1d3       41%         1
 Searing Ray              Conj           4%         2d4       52%         2
 Ice Form                 Ice/Tmut       7%         N/A       87%         4
 Fulminant Prism          Conj/Hex       1%         3d5       97%         4

Inventory:

Hand Weapons
 f - the +8 spear "Tegokum" (melded) {flame, rF+ Int+2 Dex+4}
   (You found it on level 2 of the Dungeon)

   It burns those it strikes, dealing additional fire damage.
   Int:       It affects your intelligence (+2).
   Dex:       It affects your dexterity (+4).
   rF:        It protects you from fire.
Missiles
 d - 6 poisoned darts
 e - 6 curare-tipped darts {=f}
 h - 20 stones
Armour
 a - a +1 robe (melded)
Magical Staves
 b - a staff of death {!a}
   (You found it on level 2 of the Dungeon)
Scrolls
 i - a scroll of vulnerability {unknown}
 j - a scroll of fog
Potions
 c - a potion of brilliance
 g - a potion of heal wounds {unknown}

Dungeon Overview and Level Annotations

Branches:
Dungeon (2/15) Zot: 10710

Altars:

Annotations:
D:2 exclusion: gnoll

####.##....# #.####### #
#...>..###.####)#######
#......# #...##.......#
#......# #.####.......#
#......###.####.......#####
####..................'....
#..####.#...)......#####
##.# #$#.##.####### #.##
#s#.##.# #..###g.....#
##...#.#.#.## ###.......#
#.....### #....†# #.....#
#.....# #.....#


You could see a gnoll (very poisoned).


Message History

j - a scroll of fog
Found a stone staircase leading down.
There is an open door here.
You see here a worm corpse.
You see here a frilled lizard corpse.
Partly explored, can't reach some places.
Okay, then.
Partly explored, can't reach some places.
Partly explored, can't reach some places.
Partly explored, can't reach some places.
Really walk into a travel-excluded area?
A hobgoblin comes into view.
The hobgoblin shouts!
Really walk into a travel-excluded area?
You hit the hobgoblin. You burn the hobgoblin.
You kill the hobgoblin!
Your Transmutations skill increases to level 3!
No target in view!
No target in view!
No target in view!
Really walk into a travel-excluded area?
Okay, then.
Really walk into a travel-excluded area? 2 gnolls come into view.
Found an escape hatch in the floor.
The gnoll shouts! x2
A hobgoblin comes into view.
You see here a frilled lizard corpse.
Casting: Spider Form (quite dangerous; 22% risk of failure)
Confirm with . or Enter, or press ? or * to list all spells.
The spell is quite dangerous to miscast (22% risk of failure)!
Continue anyway? [Y]es or [N]o only, please.
The spell is quite dangerous to miscast (22% risk of failure)!
Continue anyway?
You turn into a venomous arachnid creature.
The +8 spear "Tegokum" {flame, rF+ Int+2 Dex+4} melds into your body.
Your +1 robe melds into your body.
The +8 spear "Tegokum" {flame, rF+ Int+2 Dex+4} stops flaming. 😎 MP[-3]
You lost 3 mp, and now have 4/7 mp.
The gnoll completely misses you.
You hit the gnoll. The gnoll hits you with a +0 spear.
You hit the gnoll.
The gnoll is poisoned.
The gnoll closely misses you. 😕 HP[-3]
You take 3 damage, and now have 29/32 hp.
You barely miss the gnoll.
The gnoll hits you with a +0 spear! 😮 HP[-8]
You take 8 damage, and now have 21/32 hp.
MASSIVE DAMAGE!! (PAUSE)
You hit the gnoll but do no damage.
The gnoll looks as sick as possible!
The gnoll misses you. 😮 HP[+1]
You barely miss the gnoll.
Unknown command.
You barely miss the gnoll. The gnoll barely misses you. 😮 MP[+1]
You completely miss the gnoll.
You kill the gnoll!
Unknown command.
You hit the hobgoblin.
The hobgoblin is poisoned.
Your transformation is almost over.
The hobgoblin hits you.
The gnoll hits you from afar with a +0 spear.
* * * LOW HITPOINT WARNING * * *
😨 HP[-6]
You take 6 damage, and now have 16/32 hp.
You barely miss the hobgoblin. The hobgoblin hits you.
* * * LOW HITPOINT WARNING * * *
The gnoll completely misses you. 😨 HP[-1]
You take 1 damage, and now have 15/32 hp.
Unknown command.
You hit the hobgoblin.
You kill the hobgoblin!
The gnoll barely misses you. The gnoll hits you with a +0 spear.
* * * LOW HITPOINT WARNING * * *
The gnoll closely misses you.
Items here: $ ) ††. 😨 HP[-4]
You take 4 damage, and now have 11/32 hp.
You barely miss the gnoll. The gnoll hits you with a +0 spear.
* * * LOW HITPOINT WARNING * * *
The gnoll barely misses you. 😨 HP[-2]
You take 2 damage, and now have 9/32 hp.
You hit the gnoll.
The gnoll is engulfed in blazing flames.
You kill the gnoll!
The gnoll hits you from afar with a +0 spear.
* * * LOW HITPOINT WARNING * * *
Training target 1.5 for Poison Magic reached! 😱 HP[-3]
You take 3 damage, and now have 6/32 hp.
Unknown command.
The gnoll closely misses you.
Things that are here:
a +0 spear; a gnoll corpse You hit the gnoll but do no damage.
The gnoll is poisoned.
The gnoll hits you with a +0 spear!
You die...

Skill      XL: |  1  2  3  4 |
---------------+-------------+-----
Transmutations | 2 3 |  3.1
Unarmed Combat | 3 |  3.2
Poison Magic   | 1 |  1.5
Fighting       | |  1.0
Dodging        | |  1.7
Spellcasting   | |  2.6

Action                   |  1- 3 |  4- 6 || total
-------------------------+-------+-------++-------
Melee: Unarmed           |    82 |    20 ||   102
       Headbutt          |    11 |       ||    11
       Kick              |    12 |       ||    12
       Punch             |     1 |       ||     1
       Spear             |       |     1 ||     1
 Cast: Beastly Appendage |    15 |       ||    15
       Spider Form       |     2 |     2 ||     4
  Use: Potion            |     2 |       ||     2
       Scroll            |     5 |       ||     5
 Stab: Sleeping          |     1 |       ||     1
Armor: Robe              |    15 |       ||    15
       Skin              |     1 |     1 ||     2
Dodge: Dodged            |    53 |    11 ||    64
Block: Other             |    12 |       ||    12

Levels and vault maps discovered:
D:1:      eino_arrival_water_star, layout_basic
D:2:      layout_basic

Notes
Turn   | Place    | Note
-------+----------+-------------------------------------------
     0 | D:1      | kae the Demonspawn Transmuter began the quest for the Orb.
     0 | D:1      | Reached XP level 1. HP: 15/15 MP: 3/3
     0 | D:1      | magus.rc [v1.11.3]
    57 | D:1      | Reached skill level 2 in Transmutations
    61 | D:1      | HP: 2/15 [quokka (4)]
    67 | D:1      | Gained mutation: You are partially covered in large bone
                  | plates. (SH +4) [demonic ancestry]
    67 | D:1      | Reached XP level 2. HP: 4/21 MP: 3/5
   336 | D:1      | HP: 4/21 [gnoll/+0 whip (6)]
   509 | D:1      | Reached skill level 3 in Unarmed Combat
   598 | D:1      | Gained mutation: Your demonic aura sometimes causes spilled
                  | blood to erupt in flames. [demonic ancestry]
   598 | D:1      | Reached XP level 3. HP: 20/26 MP: 4/6
   601 | D:1      | Learned a level 2 spell: Wereblood
   605 | D:1      | Learned a level 3 spell: Spider Form
  1015 | D:2      | Reached skill level 1 in Poison Magic
  1015 | D:2      | Gained mutation: You have sharp fingernails. [demonic
                  | ancestry]
  1015 | D:2      | Reached XP level 4. HP: 16/32 MP: 2/7
  1083 | D:2      | You pick up a book of Conjurations and begin reading...
  1083 | D:2      | You add the spells Magic Dart, Searing Ray and Fulminant
                  | Prism to your library.
  1127 | D:2      | Identified the +8 spear "Tegokum" {flame, rF+ Int+2 Dex+4}
  1258 | D:2      | Reached skill level 3 in Transmutations
  1291 | D:2      | HP: 6/32 [gnoll/+0 spear (3)]
  1293 | D:2      | Slain by a gnoll

Vanquished Creatures
  An orc wizard (D:2)
  3 gnolls
  A worm (D:2)
  A dart slug (D:1)
  3 orcs (D:2)
  4 ball pythons
  4 endoplasms (D:1)
  4 goblins (D:1)
  5 hobgoblins
  3 kobolds (D:1)
  2 quokkas (D:1)
  4 bats
  A frilled lizard (D:2)
  A rat (D:1)
37 creatures vanquished.

Table legend:
 A = Non-vault XP
 B = Vault XP
 C = Vault XP percentage of total XP
 D = Non-vault monster count
 E = Vault monster count
 F = Vault count percentage of total count
                 A         B        C        D         E       F
            +---------+---------+-------+---------+---------+-------
      Total |     143 |       0 |   0.0 |      37 |       0 |   0.0
            +---------+---------+-------+---------+---------+-------
        D:1 |      57 |       0 |   0.0 |      25 |       0 |   0.0
        D:2 |      86 |       0 |   0.0 |      12 |       0 |   0.0
            +---------+---------+-------+---------+---------+-------

Illustrated notes

Table legend:
 A = Kills in this place as a percentage of kills in entire the game.
 B = Kills by you in this place as a percentage of kills by you in the entire game.
 C = Kills by friends in this place as a percentage of kills by friends in the entire game.
 D = Other kills in this place as a percentage of other kills in the entire game.
 E = Experience gained in this place as a percentage of experience gained in the entire game.
 F = Experience gained in this place divided by the number of levels of this place that you have seen.
                   A       B       C       D       E      F
               +-------+-------+-------+-------+-------+----------------------
         Total | 100.0 | 100.0 |   N/A |   N/A | 100.0 |  71.5
       Dungeon | 100.0 | 100.0 |   N/A |   N/A | 100.0 |  71.5
               +-------+-------+-------+-------+-------+----------------------

Table legend: (Time is in decaauts)
 A = Elapsed time spent in this place.
 B = Non-inter-level travel time spent in this place.
 C = Inter-level travel time spent in this place.
 D = Time resting spent in this place.
 E = Time spent auto-exploring this place.
 F = Levels seen in this place.
 G = Mean time per level.
                   A        B        C        D        E       F      G
               +--------+--------+--------+--------+--------+-----+--------+
         Total |   1288 |   1275 |     13 |    125 |    839 |   2 |  644.0 |
       Dungeon |   1288 |   1275 |     13 |    125 |    839 |   2 |  644.0 |
               +--------+--------+--------+--------+--------+-----+--------+

Top non-repeatable levels by time:
     D:1: 802 daAuts
     D:2: 486 daAuts
